 Dungeon Crawl Stone Soup version 0.26-a0-712-ga5a9c9c9d0 (webtiles) character file.

Game seed: 14925566834408102945

3046 Arthanis the Cleaver (level 9, -8/59 HPs)
             Began as a Gargoyle Berserker on Nov 6, 2020.
             Was an Elder of Trog.
             Mangled by an ogre
             ... wielding a +0 giant spiked club
              (18 damage)
             ... on level 7 of the Dungeon.
             The game lasted 00:08:04 (4956 turns).

Arthanis the Cleaver (Gargoyle Berserker)           Turns: 4956, Time: 00:08:04

Health: -8/59      AC: 17    Str: 20    XL:     9   Next: 87%
Magic:  9/9        EV:  6    Int: 12    God:    Trog [****..]
Gold:   420        SH:  0    Dex:  9    Spells: 8/8 levels left

rFire    . . .     SeeInvis .   b - +5 hand axe (vorpal)
rCold    + . .     Faith    +   h - +0 kite shield
rNeg     + . .     Spirit   .   G - +1 chain mail {rC+}
rPois    ∞         Reflect  .   (no helmet)
rElec    +         Harm     .   (no cloak)
rCorr    .         Rampage  .   (no gloves)
MR       ++...                  (no boots)
Stlth    ..........             n - amulet of faith
HPRegen  1.19/turn              (no ring)
MPRegen  0.11/turn              (no ring)

@: confused, brilliant, berserk cooldown, regenerating, slowed, very slow
A: negative energy resistance 1, electricity resistance, unbreathing,
petrification resistance, rot immunity, AC +6
a: Berserk, Trog's Hand, Brothers in Arms, Renounce Religion


You were on level 7 of the Dungeon.
You worshipped Trog.
Trog was greatly pleased with you.
You visited 1 branch of the dungeon, and saw 7 of its levels.

You collected 420 gold pieces.

Inventory:

Hand Weapons
 a - a +2 short sword of venom
 b - a +5 vorpal hand axe (weapon)
 u - a +0 spear
 v - a +0 war axe
 w - a +3 trident
 A - a +0 hand axe
 E - a +3 battleaxe
Missiles
 o - 2 throwing nets (quivered)
Armour
 f - a +0 scale mail
 h - a +0 kite shield (worn)
 i - a +0 chain mail
 l - a +0 animal skin
 G - a +1 chain mail of cold resistance (worn)
Jewellery
 n - an amulet of faith (around neck)
 q - an uncursed ring of wizardry
 C - an uncursed amulet of magic regeneration {unknown}
Wands
 r - a wand of paralysis (5)
 y - a wand of polymorph (7)
Scrolls
 c - 6 scrolls of teleportation {unknown}
 e - 2 scrolls of enchant weapon
 g - a scroll of magic mapping {unknown}
 k - 4 scrolls of identify {unknown}
 m - 5 scrolls of remove curse {unknown}
 D - 2 scrolls of blinking {unknown}
 F - 2 scrolls of amnesia {unknown}
Potions
 d - 2 potions of ambrosia
 j - a potion of invisibility {unknown}
 p - 3 potions of heal wounds {unknown}
 s - 3 potions of degeneration {unknown}
 t - 3 potions of brilliance
 x - 2 potions of lignification {unknown}
 z - 3 potions of curing {unknown}
 B - a potion of resistance


   Skills:
 + Level 8.1 Fighting
 * Level 9.2 Axes
 - Level 6.0 Armour
 - Level 2.0 Dodging
 - Level 4.0 Shields


You had 8 spell levels left.
You didn't know any spells.
Your spell library was empty.

Dungeon Overview and Level Annotations

Branches:
Dungeon (7/15)             Temple (0/1) D:4

Altars:
Ru
Sif Muna

Shops:
D:6 }


Innate Abilities, Weirdness & Mutations

You are resistant to torment.
Your stone body is resilient. (AC +6)
You are immune to poison.
You resist negative energy. (rN+)
You are resistant to electric shocks. (rElec)
You can survive without breathing.
You are immune to petrification.
You are immune to rotting.


Message History

The wight hits you but does no damage. The worker ant barely misses you.
It was a potion of brilliance.
You feel clever all of a sudden.
You feel less invigorated.
You feel less confused. The centaur barely misses you.
The ogre hits you but does no damage.
The ogre hits you with a +0 giant spiked club!
* * * LOW HITPOINT WARNING * * *
The centaur hits you but does no damage.
The worker ant bites you but does no damage.
The wight hits you but does no damage. You block the wight's attack.
You are confused.
You feel invigorated. The centaur barely misses you.
The worker ant bites you but does no damage.
The ogre hits you with a +0 giant club.
* * * LOW HITPOINT WARNING * * *
The wight hits you but does no damage. The centaur hits you.
* * * LOW HITPOINT WARNING * * *
The ogre hits you with a +0 giant spiked club!!
You die...

#.................##+
## #..........#......#
..##.................#
#...#..........<###...#
#.....)(....#...#...#
#......>..............
#....)()..............
###...OO(..............
#.....@Bzz.z.........
.......zc....>........
..................
..................
...............##z
.?.............#
...............#
#...............


You could see 2 ogres, a centaur, a worker ant and 4 wights.

Vanquished Creatures
  Pikel (D:5)
  Grinder (D:3)
  Sigmund (D:5)
  Eustachio (D:5)
  Edmund (D:4)
  Menkaure (D:4)
  2 ice beasts
  2 phantoms
  2 ogres
  A centaur (D:7)
  3 bullfrogs
  A scorpion (D:5)
  3 wights (D:6)
  2 centaur zombies
  4 hounds
  3 orc wizards
  7 orc priests
  2 iguanas
  2 worker ants
  A killer bee zombie (D:7)
  8 adders
  8 gnolls
  A white imp (D:6)
  An ufetubus (D:5)
  2 adder skeletons
  3 worms
  A dart slug (D:3)
  2 leopard geckos
  18 orcs
  5 giant cockroaches
  6 goblins
  6 hobgoblins
  2 jackals (D:1)
  2 quokkas
  A ball python (D:3)
  7 bats
  3 frilled lizards
  7 kobolds
  A leopard gecko zombie (D:4)
  A quokka skeleton (D:4)
  5 rats
131 creatures vanquished.

Notes
Turn   | Place    | Note
-------+----------+-------------------------------------------
     0 | D:1      | Arthanis the Gargoyle Berserker began the quest for the
                  | Orb.
     0 | D:1      | Reached XP level 1. HP: 14/14 MP: 1/1
   425 | D:1      | Reached XP level 2. HP: 19/19 MP: 2/2
   728 | D:1      | Reached skill level 3 in Axes
   875 | D:2      | Reached XP level 3. HP: 19/23 MP: 3/3
   998 | D:2      | Reached skill level 1 in Shields
   998 | D:2      | Reached XP level 4. HP: 29/29 MP: 4/4
  1101 | D:2      | Reached ** piety under Trog
  1289 | D:2      | Found a shimmering blue altar of Sif Muna.
  1370 | D:3      | Noticed Grinder
  1384 | D:3      | Killed Grinder
  1384 | D:3      | Reached skill level 4 in Axes
  1384 | D:3      | Reached XP level 5. HP: 29/34 MP: 5/5
  1384 | D:3      | Reached XP level 6. HP: 33/39 MP: 6/6
  1826 | D:3      | You fall into a shaft and drop 2 floors!
  1826 | D:5      | Entered Level 5 of the Dungeon
  1878 | D:5      | Reached *** piety under Trog
  1917 | D:5      | Noticed Sigmund
  1931 | D:5      | Reached XP level 7. HP: 44/44 MP: 7/7
  1952 | D:5      | Killed Sigmund
  1952 | D:5      | Reached skill level 5 in Fighting
  1952 | D:5      | Reached skill level 5 in Axes
  2183 | D:4      | Noticed Pikel
  2207 | D:5      | Killed Pikel
  2207 | D:5      | Reached skill level 6 in Axes
  2207 | D:5      | Reached skill level 5 in Armour
  2207 | D:5      | Reached XP level 8. HP: 40/51 MP: 8/8
  2936 | D:4      | Noticed Menkaure
  2946 | D:4      | Killed Menkaure
  2946 | D:4      | Reached **** piety under Trog
  2987 | D:4      | Noticed Edmund
  3008 | D:4      | Killed Edmund
  3008 | D:4      | Reached skill level 7 in Axes
  3047 | D:4      | Reached XP level 9. HP: 21/56 MP: 9/9
  3317 | D:4      | Found a sacrificial altar of Ru.
  3430 | D:4      | Found a staircase to the Ecumenical Temple.
  3862 | D:5      | Noticed Eustachio
  3875 | D:5      | Killed Eustachio
  4032 | D:5      | Reached skill level 8 in Axes
  4164 | D:6      | Found Keuseut's Gadget Shop.
  4883 | D:7      | Reached skill level 9 in Axes
  4936 | D:7      | Identified the +4 robe "Ataoczac" {Int+4}
  4956 | D:7      | Mangled by an ogre

Illustrated notes

Levels and vault maps discovered:
D:1:      roderic_octagonal_star, layout_basic
D:2:      layout_basic, led_sif_pool
D:3:      layout_rooms, uniq_grinder
D:4:      layout_basic, nicolae_ru_the_path_less_chosen,
          minmay_temple_entry_enclosed_plants, uniq_edmund, uniq_menkaure,
          uniq_pikel
D:5:      layout_loops_corners, uniq_eustachio, uniq_sigmund
D:6:      layout_loops_ring, serial_shops, shop
D:7:      cheibrodos_statue_roulette, layout_rooms, minitemple,
          nicolae_dithmenos_the_darkroom

Skill      XL: |  1  2  3  4  5  6  7  8  9 |
---------------+----------------------------+-----
Axes           | 3 4 6 7 9 |  9.2
Dodging        | 2 |  2.0
Shields        | 1 2 3 4 |  4.0
Fighting       | 4 5 6 8 |  8.1
Armour         | 3 4 5 6 |  6.0

Action                   |  1- 3 |  4- 6 |  7- 9 || total
-------------------------+-------+-------+-------++-------
Melee: Hand axe          |    62 |    51 |    76 ||   189
       Short sword       |       |    45 |   279 ||   324
Invok: Berserk           |     1 |     3 |     8 ||    12
       Trog's Hand       |       |     1 |     1 ||     2
  Use: Potion            |       |       |     3 ||     3
       Scroll            |       |       |     1 ||     1
Armor: Animal skin       |    10 |       |       ||    10
       Chain mail        |    40 |    81 |   202 ||   323
       Scale mail        |     1 |       |       ||     1
       Skin              |       |       |     1 ||     1
Dodge: Dodged            |    25 |    28 |    95 ||   148
Block: Kite shield       |    17 |    73 |   150 ||   240

Table legend: (Time is in decaauts)
 A = Elapsed time spent in this place.
 B = Non-inter-level travel time spent in this place.
 C = Inter-level travel time spent in this place.
 D = Time resting spent in this place.
 E = Time spent auto-exploring this place.
 F = Levels seen in this place.
 G = Mean time per level.
                   A        B        C        D        E       F      G
               +--------+--------+--------+--------+--------+-----+--------+
         Total |   5125 |   5021 |    104 |    152 |   3740 |   7 |  732.1 |
       Dungeon |   5125 |   5021 |    104 |    152 |   3740 |   7 |  732.1 |
               +--------+--------+--------+--------+--------+-----+--------+

Top non-repeatable levels by time:
     D:5: 1272 daAuts
     D:4: 908 daAuts
     D:1: 833 daAuts
     D:3: 745 daAuts
     D:6: 646 daAuts
     D:2: 550 daAuts
     D:7: 168 daAuts
